AoeStats
← Ypsilon

Arena

509485979Analyzed
4v4 RM · 6d ago on Sep 26, 2026· 40m 55s· 8 players
Game mode
Random Map
Map size
Large (8 player)
Population
200
Speed
Normal
Resources
Standard
Victory
Conquest
Starting age
Dark Age
Ending age
Imperial Age
RankedLock teamsTeams togetherTeam positionsShared explorationLock speedFull tech treeHidden civsTurbo modeCheats
Victory
Defeat
🇦🇷 Burmese · Argentina
1354
+13
🇺🇸 Hindustanis · United States
1317
+15
🇲🇽 Slavs · Mexico
1312
+15
🇲🇽 Cumans · Mexico
1294
+16
🇦🇷 Bengalis · Argentina
1345
-17
🇦🇷 Saracens · Argentina
1324
-16
🇦🇺 Franks · Australia
1243
-13
🇧🇷 Tupi · Brazil
1242
-13
whitewidow52
10:22 Feudal Age
14:30 Castle Age
12:20 Double-Bit Axe
12:31 Horse Collar
15:33 Scale Barding Armor
14:52 Light Cavalry
16:26 Loom
20:31 Bloodlines
23:58 Wheelbarrow
25:55 Hand Cart
27:54 Chain Barding Armor
27:45 Forging
30:17 Iron Casting
33:19 Imperial Age
31:21 Husbandry
33:27 Heavy Plow
33:44 Bow Saw
33:27 Heavy Camel Rider
34:12 Gold Mining
35:26 Plate Barding Armor
35:30 Imperial Camel Rider
37:23 Blast Furnace
37:12 Scale Mail Armor
37:16 Squires
37:03 Arson
37:14 Stone Mining
Caronte
8:43 Feudal Age
9:47 Double-Bit Axe
10:09 Horse Collar
19:19 Castle Age
18:33 Wheelbarrow
20:22 Hand Cart
20:30 Bow Saw
22:36 Heavy Plow
26:12 Loom
26:47 Fletching
26:55 Town Watch
30:21 Imperial Age
28:28 Bloodlines
32:13 Pikeman
36:04 Forging
36:10 Scale Mail Armor
37:52 Iron Casting
37:21 Squires
38:05 Halberdier
39:56 Blast Furnace
39:42 Conscription
Morfeo
10:34 Feudal Age
11:51 Double-Bit Axe
14:25 Castle Age
12:33 Horse Collar
13:54 Wheelbarrow
21:20 Fletching
22:42 Loom
23:46 Redemption
25:16 Stone Mining
25:59 Bow Saw
30:25 Imperial Age
29:28 Hand Cart
31:28 Scale Barding Armor
31:34 Forging
32:52 Chain Barding Armor
33:35 Bodkin Arrow
34:15 Iron Casting
the_fever
9:51 Feudal Age
13:49 Castle Age
12:22 Horse Collar
13:03 Loom
13:18 Gold Mining
16:05 Fervor
16:17 Sanctity
18:18 Redemption
22:20 Atonement
27:12 Wheelbarrow
26:23 Town Watch
26:37 Stone Mining
27:25 Gold Shaft Mining
28:01 Forging
27:20 Pikeman
31:54 Imperial Age
32:07 Halberdier
32:49 Squires
33:12 Block Printing
33:23 Illumination
33:37 Theocracy
34:40 Chemistry
34:39 Scale Mail Armor
35:23 Ballistics
34:55 Fletching
36:40 Iron Casting
40:09 Chain Mail Armor
Sofi (Taylor's Version)
11:46 Feudal Age
15:27 Castle Age
13:53 Double-Bit Axe
13:49 Horse Collar
17:14 Loom
17:43 Heavy Plow
20:21 Forging
20:34 Light Cavalry
26:22 Bloodlines
27:04 Scale Barding Armor
27:34 Husbandry
30:21 Fletching
35:12 Imperial Age
34:14 Iron Casting
34:49 Bodkin Arrow
38:32 Hussar
Bravo
11:14 Feudal Age
15:00 Castle Age
13:24 Double-Bit Axe
13:43 Horse Collar
14:41 Gold Mining
14:44 Loom
16:36 Forging
33:52 Wheelbarrow
33:30 Bow Saw
37:55 Hand Cart
altrnate15
10:13 Feudal Age
14:10 Castle Age
12:25 Double-Bit Axe
20:27 Bow Saw
23:13 Wheelbarrow
22:46 Loom
26:58 Imperial Age
25:39 Gold Mining
25:39 Stone Mining
25:46 Stone Mining
26:16 Scale Barding Armor
27:45 Chain Barding Armor
27:12 Cavalier
29:10 Plate Barding Armor
30:07 Forging
31:53 Iron Casting
33:44 Conscription
34:56 Hand Cart
35:31 Husbandry
37:12 Blast Furnace
38:37 Coinage
38:28 Ballistics
39:09 Chemistry
38:21 Masonry
Ypsilon
11:25 Feudal Age
12:26 Double-Bit Axe
12:53 Loom
15:19 Castle Age
17:05 Bow Saw
16:47 Fletching
18:01 Gold Mining
19:48 Horse Collar
22:17 Wheelbarrow
22:18 Bodkin Arrow
22:34 Town Watch
24:31 Padded Archer Armor
25:01 Stone Mining
26:09 Leather Archer Armor
36:04 Imperial Age
33:48 Heavy Plow
34:24 Gold Shaft Mining
35:50 Hand Cart
37:18 Conscription
38:59 Two-Man Saw
38:59 Ballistics
39:39 Chemistry
38:01 Elite Blackwood Archer
39:42 Bracer
40:15 Ring Archer Armor
Connection lost

Rejoining the realm…

Still unreachable

The connection could not be restored.

Session expired

The server has moved on; the page needs a fresh start.